Toffee, chaotic male elven Priest -------------- ------ |............| |..... ------- |............| |....| |.....| |............| |...<| #####......| |............| -|---- |......# ----|------|-- # --|----# ######### # # # # # ### # # ### # # ### -------.-+-.- # ### # |...........| # --.---- ###|.........B.| # #......| #...........@| # ###|.....| |..........f| -.--- # |.....| |...........| |...|### |.....| |..........>| |...|# ------- ------------- |....# ----- Toffee the Acolyte Experience level: 3 Strength: 9 Dexterity: 12 Constitution: 13 Intelligence: 12 Wisdom: 16 Charisma: 11 Health: 0(26) Energy: 46(46) Def: 4 Gold: 482 Moves: 1080 Dungeon seed: Y-sqDltOPPFOXdNY Game ID: Toffee_1615380287 Your Inventory: Coins $ - 482 gold pieces Weapons a - a blessed +1 mace (weapon in hand) v - a +0 elven dagger Armor e - a +0 robe (being worn) n - a +0 small shield (being worn) y - a +0 dwarvish mithril-coat z - a +0 orcish helm (being worn) Comestibles c - 2 cloves of garlic d - a sprig of wolfsbane l - 2 lichen corpses s - a food ration Scrolls t - a cursed scroll of identify Spellbooks f - a spellbook of light g - a spellbook of healing j - a spellbook of magic mapping Potions b - 3 potions of holy water p - a potion of oil Tools h - a blessed magic marker (0:68) i - a wooden flute k - a tin whistle Gems q - a worthless piece of white glass r - a worthless piece of yellowish brown glass Spells and supernatural/magical abilities: Name Level Category Fail Memory h - healing 1 healing 0% 95% l - light 1 divination 0% 95% W - pray for help -- divine ? -- X - turn undead -- divine ? -- Your skills at the end: Fighting Skills Weapon Skills mace [Basic] Spellcasting Skills clerical spells [Basic] Final Attributes: You were piously aligned. You had infravision. You are dead. Vanquished creatures: a giant bat an acid blob 2 coyotes 2 hobbits a yellow mold 8 jackals a fox a goblin a sewer rat 3 grid bugs 5 lichens 6 newts 32 creatures vanquished. Voluntary challenges: You were an atheist. You used a wielded weapon 29 times, starting on turn 63. You read items or engraved 1 time, starting on turn 3. You never genocided any monsters. You never polymorphed an object. You never changed form. You used no wishes. You never split a pudding. You never wrote Elbereth's name. You never violated your personal moral code. Dungeon overview: The Dungeons of Doom: levels 1 to 3 Level 1 a long staircase Level 2 Level 3 <- You were here a long staircase History has recorded: On T:1 you entered the Dungeons of Doom to retrieve the Amulet of Yendor! On T:260 you advanced to experience level 2. On T:331 you reached level 2 of The Dungeons of Doom. On T:777 you advanced to experience level 3. On T:814 you reached level 3 of The Dungeons of Doom. Score breakdown: Gold: 482 ( 9129 points) Experience: 3 levels ( 7878 points) Exploration: 3 levels ( 6.38%) ( 6255 points) Discoveries: 0 items ( 0.00%) ( 0 points) Valuables value: (no points given unless you survive) Artifact value: 0 ( 0 points) Variety of kills: 12 monsters ( 3.15%) ( 5324 points) Turncount: 1080 turns ( 0 points) Survival: died (score multiplied by 80%) Total score: 22868 Latest messages: The giant bat just misses! You kill the giant bat! You hear water falling on coins. There is an open door here. You see here a giant bat corpse. Qwerty eats a giant bat corpse. You see here 3 gold pieces. $ - 3 gold pieces. The door resists! The door opens. The hobbit throws an elven dagger! You are almost hit by an elven dagger. The hobbit misses. You kill the hobbit! You see here a hobbit corpse. u - a hobbit corpse. You rebalance your load. Movement is difficult. This hobbit corpse tastes terrible! Your movements are only slowed slightly by your load. You finish eating the hobbit corpse. Your movements are now unencumbered. You see here an elven dagger. v - an elven dagger. The giant bat bites! (6x) You die... Final status: Goodbye Toffee the Priest, killed by a giant bat... You died in The Dungeons of Doom on dungeon level 3 with 22868 points, and 482 pieces of gold, after 1080 moves. You were level 3 with a maximum of 26 hit points when you died.